AoeStats
← Insanesticker

Arabia

507033869Analyzed
1v1 RM · 17d ago on Sep 16, 2026· 62m 4s· 2 players
Game mode
Random Map
Map size
Tiny (2 player)
Population
200
Speed
Normal
Resources
Standard
Victory
Conquest
Starting age
Dark Age
Ending age
Imperial Age
RankedLock teamsTeams togetherTeam positionsShared explorationLock speedFull tech treeHidden civsTurbo modeCheats
Victory
Defeat
🇫🇷 Magyars · France
988
+17
🇦🇺 Britons · Australia
1005
-17
xlwoody
6:49 Loom
8:54 Feudal Age
10:02 Double-Bit Axe
12:54 Horse Collar
15:43 Scale Barding Armor
21:57 Castle Age
20:45 Bloodlines
20:53 Fletching
22:17 Gold Mining
22:18 Stone Mining
22:43 Bodkin Arrow
24:07 Husbandry
30:35 Light Cavalry
34:17 Chain Barding Armor
34:05 Thumb Ring
35:47 Padded Archer Armor
37:14 Ballistics
55:39 Imperial Age
53:34 Leather Archer Armor
54:24 Corvinian Army
57:24 Parthian Tactics
56:20 Heavy Cavalry Archer
57:02 Bracer
Insanesticker
8:59 Loom
10:46 Feudal Age
18:55 Castle Age
17:17 Horse Collar
17:24 Double-Bit Axe
20:34 Heavy Plow
25:12 Scale Barding Armor
27:05 Fletching
27:17 Padded Archer Armor
27:56 Bodkin Arrow
27:57 Stone Mining
28:12 Elite Skirmisher
29:49 Bow Saw
31:32 Leather Archer Armor
32:36 Pikeman
33:17 Squires
35:41 Wheelbarrow
34:51 Town Watch
40:07 Heated Shot
41:43 Pikeman
42:23 Squires
45:01 Scale Mail Armor
45:12 Forging
56:20 Treadmill Crane
59:32 Imperial Age
Connection lost

Rejoining the realm…

Still unreachable

The connection could not be restored.

Session expired

The server has moved on; the page needs a fresh start.